 Dungeon Crawl Stone Soup version 0.19-a0-628-g9200b3b (webtiles) character file.

370 Krapule the Charmwright (level 6, -1/48 HPs)
             Began as a Merfolk Skald on June 13, 2016.
             Slain by an orc
             ... wielding a +0 mace
              (4 damage)
             ... on level 3 of the Dungeon.
             The game lasted 00:08:21 (4070 turns).

Krapule the Charmwright (Merfolk Skald)             Turns: 4070, Time: 00:08:22

Health: -1/48      AC:  5    Str: 14    XL:     6   Next: 70%
Magic:  2/10       EV: 12    Int: 12    God:
Gold:   86         SH:  0    Dex: 13    Spells: 1 memorised, 10 levels left

rFire  . . .     SeeInvis .     a - +0 spear
rCold  . . .     Gourm    .     f - +0 ring mail
rNeg   . . .     Faith    .     (no shield)
rPois  .         Spirit   .     (no helmet)
rElec  .         Dismiss  .     (no cloak)
rCorr  .         Reflect  .     (no gloves)
SustAt .         Harm     .     (no boots)
MR     .....                    (no amulet)
Stlth  +.........               (no ring)
                                (no ring)

@: infused (expiring), not resistant to hostile enchantments, very unstealthy
A: change form in water, swift swim
a: no special abilities


You were on level 3 of the Dungeon.
You were hungry.

You visited 1 branch of the dungeon, and saw 3 of its levels.

You collected 86 gold pieces.

Inventory:

Hand Weapons
 a - a +0 spear (weapon)
Armour
 b - a +0 leather armour
 f - a +0 ring mail (worn)
Jewellery
 s - an uncursed ring of resist corrosion {unknown}
Scrolls
 i - 3 scrolls of identify {unknown}
 j - a scroll of recharging {unknown}
 l - a scroll of enchant armour {unknown}
 t - a scroll of remove curse {unknown}
Potions
 e - a potion of ambrosia {unknown}
 g - 2 potions of brilliance {unknown}
 h - 2 potions of might {unknown}
 k - a potion of curing {unknown}
 m - a potion of flight {unknown}
 n - a potion of agility {unknown}
 p - a potion of magic {unknown}
Books
 c - a book of Battle

   Spells                             Type                      Level
   a - Infusion                       Charms                       1
   b - Shroud of Golubria             Charms/Translocation         2
   c - Song of Slaying                Charms                       2
   d - Spectral Weapon                Hexes/Charms                 3
   e - Regeneration                   Charms/Necromancy            3
Comestibles
 d - 4 bread rations
 o - 2 beef jerkies
 q - a royal jelly
 r - a meat ration


   Skills:
 + Level 3.8 Fighting
 + Level 4.7 Polearms
 - Level 1.0 Armour
 + Level 3.9 Dodging
 - Level 3.0 Spellcasting
 + Level 5.0 Charms


You had 10 spell levels left.
You knew the following spells:

 Your Spells              Type           Power        Failure   Level  Hunger
a - Infusion              Chrm           ##..         10%         1    #......


Dungeon Overview and Level Annotations

Branches:
Dungeon (3/15)

Altars:
Dithmenos
Gozag


Message History

Your magical infusion is running out.
The orc throws a steel tomahawk.
The steel tomahawk barely misses you.
You are too injured to fight recklessly!
You are too injured to fight recklessly!
Attack whom?
Press: ? - help, Dir - move target cursor, f/p - orc
Aim: an orc, wielding a mace and wearing a ring mail (moderately wounded)
You reach to attack!
You barely miss the orc.
The orc is moderately wounded.
The orc throws a steel tomahawk.
The steel tomahawk hits you.
* * * LOW HITPOINT WARNING * * *
Attack whom?
Press: ? - help, Dir - move target cursor, f/p - orc
Aim: an orc, wielding a mace and wearing a ring mail (moderately wounded)
You reach to attack!
You closely miss the orc.
The orc is moderately wounded.
You hit the orc.
The orc is heavily wounded.
The orc hits you with a mace.
You die...

..#..#####...#
.##.#####....# ...
....#........# ...
(..(#.....##.## ...
##........##..## ...
#..#......###..# ##.#
..###.....# ##)##...
..###.....####.#(.#
...............#@#
..........###..#o#
..........###..(.#
..............)###
...........>.....#
.....<...####....o..
...[.....# .....oo...
.........##.##......o.
............##....o...


You could see an orc.

Vanquished Creatures
  An ogre (D:3)
  2 orc priests (D:3)
  Terence (D:2)
  A howler monkey skeleton (D:3)
  11 adders
  An ooze (D:1)
  6 worms
  A dart slug (D:1)
  4 giant geckos (D:1)
  7 orcs (D:3)
  A ball python (D:1)
  4 bats
  A giant cockroach (D:2)
  8 goblins
  5 hobgoblins
  2 quokkas
  5 giant newts
  A jackal zombie (D:3)
  3 kobolds
  7 rats
72 creatures vanquished.

Notes
Turn   | Place    | Note
--------------------------------------------------------------
     0 | D:1      | Krapule the Merfolk Skald began the quest for the Orb.
     0 | D:1      | Reached XP level 1. HP: 16/16 MP: 3/3
   138 | D:1      | Reached XP level 2. HP: 6/23 MP: 5/5
   427 | D:1      | Reached skill level 1 in Armour
   630 | D:1      | Reached XP level 3. HP: 28/28 MP: 6/6
  1475 | D:2      | Reached XP level 4. HP: 33/34 MP: 7/7
  1497 | D:2      | Reached skill level 4 in Charms
  2259 | D:2      | Reached XP level 5. HP: 29/41 MP: 7/9
  2423 | D:2      | Noticed Terence
  2470 | D:2      | Killed Terence
  2910 | D:2      | Found a shadowy altar of Dithmenos.
  2911 | D:2      | Found an opulent altar of Gozag.
  3207 | D:3      | Noticed an ogre
  3525 | D:3      | Killed an ogre
  3525 | D:3      | Reached XP level 6. HP: 16/47 MP: 0/10
  4060 | D:3      | Reached skill level 5 in Charms
  4070 | D:3      | Slain by an orc

Vault maps used:
D:1:      dpeg_arrival_sounds_slurp
D:2:      gammafunk_temple_overflow_pools, first_bread, uniq_terence

Skill      XL: |  1  2  3  4  5  6 |
---------------+-------------------+-----
Armour         | 1 |  1.0
Dodging        | 2 3 |  3.9
Charms         | 4 5 |  5.0
Fighting       | 3 |  3.8
Polearms       | 4 |  4.7
Spellcasting   | 3 |  3.0

Action                   |  1- 3 |  4- 6 || total
-------------------------+-------+-------++-------
Melee: Spear             |   129 |   301 ||   430
 Cast: Infusion          |       |     7 ||     7
 Stab: Sleeping          |     1 |       ||     1
  Eat: Chunk             |     2 |     8 ||    10
Armor: Leather armour    |     2 |       ||     2
       Ring mail         |    19 |    44 ||    63
Dodge: Dodged            |    48 |   112 ||   160
